 Dungeon Crawl Stone Soup version 0.20-a0-1122-gb7cbeb9 (webtiles) character file.

77 anfisbena the Skirmisher (level 4, -5/25 HPs)
             Began as a Vine Stalker Fighter on May 14, 2017.
             Killed from afar by Ijyb (19 damage)
             ... with a wand of lightning (?/15)
             ... on level 3 of the Dungeon.
             The game lasted 00:01:37 (1730 turns).

anfisbena the Skirmisher (Vine Stalker Fighter)     Turns: 1730, Time: 00:01:38

Health: -5/25      AC:  6    Str: 19    XL:     4   Next: 33%
Magic:  0/5        EV:  7    Int:  8    God:
Gold:   85         SH:  9    Dex: 14    Spells: 3/3 levels left

rFire    . . .     SeeInvis .   a - +0 long sword
rCold    . . .     Gourm    .   c - +0 shield
rNeg     . . .     Faith    .   b - +0 scale mail
rPois    .         Spirit   +   (no helmet)
rElec    .         Reflect  .   (no cloak)
rCorr    .         Harm     .   (no gloves)
MR       .....                  (no boots)
Stlth    ..........             (no amulet)
Regen    0.5/turn               (no ring)
MPRegen  0.1/turn               (no ring)

@: no status effects
A: fangs 2, regeneration 1, magic shield, antimagic bite, no potion heal 3, rot
immunity
a: no special abilities


You were on level 3 of the Dungeon.
You were not hungry.

You visited 1 branch of the dungeon, and saw 3 of its levels.

You collected 85 gold pieces.

Inventory:

Hand Weapons
 a - a +0 long sword (weapon)
Armour
 b - a +0 scale mail (worn)
 c - a +0 shield (worn)
 p - a +0 pair of boots
Scrolls
 e - a scroll of enchant armour {unknown}
 g - 5 scrolls of identify {unknown}
 l - 2 scrolls of teleportation {unknown}
 n - a scroll of enchant weapon {unknown}
 o - a scroll of recharging {unknown}
 q - a scroll of amnesia {unknown}
 v - a scroll of remove curse {unknown}
Potions
 d - 2 potions of might
 h - a potion of invisibility {unknown}
 i - 3 potions of cancellation {unknown}
 j - a potion of brilliance {unknown}
 m - a potion of resistance {unknown}
 s - a potion of lignification {unknown}
 t - a potion of flight {unknown}
 w - a potion of heal wounds {unknown}
Comestibles
 f - 2 bread rations
 k - a chunk of flesh
 r - 2 meat rations
 u - 4 fruits


   Skills:
 + Level 3.6 Fighting
 + Level 3.1 Long Blades
 - Level 2.4 Armour
 - Level 2.6 Shields


You had 3 spell levels left.
You didn't know any spells.

Dungeon Overview and Level Annotations

Branches:
Dungeon (3/15)

Altars:
Yredelemnul

Annotations:
D:3 Ijyb


Innate Abilities, Weirdness & Mutations

You have extremely sharp teeth.
Your natural rate of healing is unusually fast.
When hurt, damage is shared between your health and your magic reserves.
Your bite disrupts and absorbs the magic of your enemies.
Potions cannot restore your health.
You are immune to rotting.


Message History

Ijyb the Twisted Goblin comes into view.
She is wielding a dagger of flaming.
Ijyb shouts!
A dart slug comes into view.
Ijyb hits you but does no damage.
Found a large onyx ring.
You hit Ijyb but do no damage. You bite Ijyb. You drain her power.
Ijyb is lightly wounded.
You block Ijyb's attack. Ijyb hits you but does no damage.
You hit Ijyb but do no damage. You bite Ijyb. You drain her power.
Ijyb is lightly wounded.
Ijyb hits you but does no damage. You block the dart slug's attack.
You hit Ijyb.
Ijyb is moderately wounded.
Ijyb zaps a wand.
The bolt of lightning hits you!
The bolt of lightning hits the dart slug.
The dart slug dies!
It is a wand of lightning (?/15).
Ijyb zaps a wand.
The bolt of lightning hits you!
Ouch! That really hurt!
You die...

...= .#.### ......
#########.#....
.............
...........
........†#########
.......@.........##
......g..##.........
.........##..........
#####....##..........
......##..........
##.....#...........
#.....#...........
#.....#...........
#...........


You could see Ijyb.

Vanquished Creatures
  2 adders (D:2)
  2 worms (D:2)
  3 dart slugs
  2 leopard geckos (D:2)
  3 giant cockroaches
  3 goblins
  7 hobgoblins
  9 jackals
  2 bats (D:2)
  A frilled lizard (D:2)
  3 kobolds
  3 rats
40 creatures vanquished.

Vanquished Creatures (others)
  A dart slug (D:3)
1 creature vanquished.

Grand Total: 41 creatures vanquished

Notes
Turn   | Place    | Note
-------+----------+-------------------------------------------
     0 | D:1      | anfisbena the Vine Stalker Fighter began the quest for the Orb.
     0 | D:1      | Reached XP level 1. HP: 11/11 MP: 2/2
   161 | D:1      | Reached XP level 2. HP: 15/16 MP: 3/3
   633 | D:2      | Reached XP level 3. HP: 19/20 MP: 4/4
  1196 | D:2      | Gained mutation: Your natural rate of healing is unusually fast. [Vine Stalker growth]
  1196 | D:2      | Reached XP level 4. HP: 21/24 MP: 5/5
  1439 | D:2      | Found a basalt altar of Yredelemnul.
  1724 | D:3      | Noticed Ijyb
  1730 | D:3      | Killed from afar by Ijyb

Vault maps used:
D:1:      scummos_arrival_simple_fountains, kennysheep_doodads,
          minmay_tetromino_s2
D:2:      minmay_wonky_spiral, lemuel_round_altar, item_on_display_a
D:3:      lemuel_crystal_altar, first_bread, lemuel_blue_sif_altar, uniq_ijyb

Skill      XL: |  1  2  3 |
---------------+----------+-----
Long Blades    | 2 3 |  3.1
Fighting       | 3 |  3.6
Armour         | |  2.4
Shields        | |  2.6

Action                   |  1- 3 |  4- 6 || total
-------------------------+-------+-------++-------
Melee: Long sword        |    89 |    28 ||   117
       Bite              |    24 |    11 ||    35
  Eat: Chunk             |     1 |     2 ||     3
Armor: Scale mail        |    37 |    16 ||    53
Dodge: Dodged            |    32 |    15 ||    47
Block: Shield            |    40 |    23 ||    63
       Rpst.: Long sword |    12 |     5 ||    17
